 Dungeon Crawl Stone Soup version 0.19.5 (webtiles) character file.

7088 hexophile the Grappler (level 10, -25/102 HPs)
             Began as a Troll Monk on May 5, 2017.
             Was a High Priest of Cheibriados.
             Annihilated by an orc warrior
             ... wielding a +0 war axe
              (36 damage)
             ... in a bailey.
             The game lasted 00:09:57 (5186 turns).

hexophile the Grappler (Troll Monk)                 Turns: 5186, Time: 00:09:57

Health: -25/102    AC:  6    Str: 35    XL:     10   Next: 84%
Magic:  4/15       EV: 13    Int: 17    God:    Cheibriados [*****.]
Gold:   332        SH:  0    Dex: 23    Spells: 0 memorised, 9 levels left

rFire  . . .     SeeInvis .       - Unarmed
rCold  + . .     Gourm    +     t - +0 animal skin
rNeg   . . .     Faith    .     (no shield)
rPois  .         Spirit   .     (helmet restricted)
rElec  .         Reflect  .     B - +0 cloak
rCorr  +         Harm     .     (gloves unavailable)
MR     .....                    (boots unavailable)
Stlth  ++........               (no amulet)
                                c - ring of resist corrosion
                                A - ring of protection from cold {rC+}

@: very slow
A: unfitting armour, claws 3, fast metabolism 3, gourmand, regeneration 1,
shaggy fur 1, tough skin 2
a: Bend Time, Temporal Distortion, Slouch, Step From Time, Renounce Religion


You were in a bailey.
You worshipped Cheibriados.
Cheibriados was extremely pleased with you.
You were completely stuffed.

You visited 1 branch of the dungeon, and saw 8 of its levels.
You also visited: Bailey.

You collected 332 gold pieces.


Innate Abilities, Weirdness & Mutations

You are too large for most types of armour.
You have claws for hands.
Your metabolism is lightning-fast.
You like to eat raw meat.
Your natural rate of healing is unusually fast.
You are covered in fur. (AC +1)
You have very tough skin. (AC +2)

Inventory:

Missiles
 F - a throwing net (quivered) {+f}
Armour
 t - a +0 animal skin (worn)
 B - a +0 cloak (worn)
Jewellery
 c - a ring of resist corrosion (right claw)
 A - a ring of protection from cold (left claw) {rC+}
Wands
 a - a wand of paralysis (11/24)
 y - a wand of slowing (22/48)
 C - a wand of polymorph (13/24)
Scrolls
 b - 6 scrolls of teleportation
 f - a scroll of fear {unknown}
 i - 5 scrolls of magic mapping
 j - 4 scrolls of amnesia
 l - 3 scrolls of remove curse {unknown}
 p - 3 scrolls of enchant weapon
 u - 3 scrolls of recharging {unknown}
 v - a scroll of immolation {unknown}
 G - a scroll of vulnerability {unknown}
Potions
 d - a potion of brilliance {unknown}
 e - 4 potions of curing
 g - 2 potions of ambrosia {unknown}
 h - 3 potions of berserk rage {unknown}
 k - 2 potions of resistance {unknown}
 m - 4 potions of flight {unknown}
 o - 4 potions of haste {unknown}
 s - 2 potions of heal wounds {unknown}
 w - a potion of cure mutation {unknown}
 x - 2 potions of cancellation {unknown}
 E - a potion of agility {unknown}
Comestibles
 n - 2 meat rations
 q - 11 fruits
 r - 6 bread rations
 z - 2 royal jellies
 D - 6 chunks of flesh


You had 9 spell levels left.
You didn't know any spells.


   Skills:
 * Level 7.4 Fighting
 - Level 4.4 Dodging
 - Level 1.0 Stealth
 * Level 10.9 Unarmed Combat
 * Level 8.1 Invocations

Dungeon Overview and Level Annotations

Branches:
Dungeon (8/15)             Temple (0/1) D:5
   Lair: D:8-11

Altars:
Ashenzari
Cheibriados
Elyvilon
Makhleb
Ru
Trog
Uskayaw
Zin

Shops:
D:5 %   D:6 :(%}%}   D:7 =

Vault maps used:
D:1:      dpeg_arrival_long_road, serial_forest, infiniplex_forest_clump_double,
          infiniplex_forest_lined_corner, infiniplex_forest_clump_long,
          infiniplex_forest_end_2, infiniplex_forest_clump_tiny
D:2:      chequers_temple_overflow_statue_of_worship, kennysheep_slug_shrine,
          small_statue_intersection, minmay_tetromino_s4, uniq_iyjb
D:3:      uniq_robin, uniq_crazy_yiuf_cottage
D:4:      lemuel_coloured_pillars_altar, eat_drink_and_be_merry_uskayaw,
          first_bread, grunt_ministairs_5, uniq_edmund
D:5:      lemuel_crystal_altar, minmay_temple_entry_statues_pillars,
          serial_shops, kennysheep_little_box, uniq_blork_the_orc
D:6:      trog_eyes_of_draining, serial_shops, shop, shop, kennysheep_mini,
          shop, shop, nicolae_for_you_no_charge
D:7:      lemuel_doored_altar, serial_shops,
          nicolae_shop_competitors_out_of_business, grunt_livestock
D:8:      lemuel_crystal_altar, enter_bailey_7
Bailey:   bailey_axe_minmay_hex_keep, bailey
You       could see 2 orc warriors.


Message History

You have now: 60/102 HP.
You mangle the orc warlord!!
The orc warlord is severely wounded.
You claw the orc warlord!
The orc warlord is severely wounded.
You scratch the orc warlord but do no damage.
The orc warlord is severely wounded.
The orc warrior no longer looks unusually strong.
The orc warlord hits you with an enchanted battleaxe!!
You lost 18 HP.
You have now: 44/102 HP.
You scratch the orc warlord but do no damage.
The orc warlord is severely wounded.
The orc warlord is no longer moving slowly.
You scratch the orc warlord.
The orc warlord is severely wounded.
The orc warlord roars a battlecry!
The orc warrior goes into a battle-frenzy!
You claw the orc warlord!
The orc warlord is almost dead.
You scratch the orc warlord but do no damage.
You claw the orc warlord!
The orc warlord is almost dead.
The orc warrior no longer looks unusually strong.
The orc warlord roars a battlecry!
The orc warrior goes into a battle-frenzy!
You closely miss the orc warlord.
The orc warlord is almost dead.
The orc warlord hits you with an enchanted battleaxe!!
* * * LOW HITPOINT WARNING * * *
!MASSIVE DAMAGE!
YOU LOST 32 HP!
You have now: 14/102 HP.
You don't have enough magic at the moment.
Unknown command.
Okay, then.
Okay, then.
You don't have enough magic at the moment.
You closely miss the orc warlord.
The orc warlord is almost dead.
The orc warlord hits you with an enchanted battleaxe!
* * * LOW HITPOINT WARNING * * *
You lost 12 HP.
You have now: 2/102 HP.
Unknown command.
You mangle the orc warlord!!
You kill the orc warlord!
Cheibriados thoroughly appreciates the change of pace.
Your Invocations skill increases to level 8!
Unknown command.
It was a potion of curing.
You feel better.
The orc warrior hits you with a war axe!!!
You die...

Action                   |  1- 3 |  4- 6 |  7- 9 | 10-12 || total
-------------------------+-------+-------+-------+-------++-------
Melee: Unarmed           |    70 |    80 |   207 |   148 ||   505
       Punch             |       |     1 |    12 |    10 ||    23
Invok: Bend Time         |       |     1 |     2 |     3 ||     6
       Slouch            |       |       |     2 |     2 ||     4
  Use: Scroll            |       |       |     7 |     1 ||     8
       Potion            |       |       |       |     1 ||     1
 Stab: Sleeping          |     3 |     2 |     7 |       ||    12
       Distracted        |       |       |     1 |     1 ||     2
  Eat: Chunk             |    11 |    10 |    15 |     5 ||    41
Armor: Robe              |    29 |     9 |       |       ||    38
       Animal skin       |       |    11 |    40 |    18 ||    69
Dodge: Dodged            |    24 |    42 |   109 |    63 ||   238

Notes
Turn   | Place    | Note
-------+----------+-------------------------------------------
     0 | D:1      | hexophile the Troll Monk began the quest for the Orb.
     0 | D:1      | Reached XP level 1. HP: 22/22 MP: 0/0
   215 | D:1      | Reached XP level 2. HP: 24/29 MP: 1/1
   545 | D:1      | Reached skill level 4 in Unarmed Combat
   746 | D:2      | Reached XP level 3. HP: 33/36 MP: 2/2
   947 | D:2      | Noticed Ijyb
   960 | D:2      | Killed Ijyb
   960 | D:2      | Reached skill level 5 in Unarmed Combat
   960 | D:2      | Reached XP level 4. HP: 42/44 MP: 3/3
  1054 | D:2      | Found a snail-covered altar of Cheibriados.
  1067 | D:2      | Became a worshipper of Cheibriados the Contemplative
  1067 | D:2      | Reached * piety under Cheibriados
  1067 | D:2      | Reached ** piety under Cheibriados
  1114 | D:2      | Found a glowing silver altar of Zin.
  1116 | D:2      | Found a sacrificial altar of Ru.
  1454 | D:3      | Noticed an ogre
  1459 | D:3      | Killed an ogre
  1459 | D:3      | Reached skill level 1 in Invocations
  1459 | D:3      | Reached XP level 5. HP: 31/50 MP: 3/5
  1508 | D:3      | Found a runed door.
  1524 | D:3      | Noticed Robin
  1528 | D:3      | Reached skill level 6 in Unarmed Combat
  1531 | D:3      | Killed Robin
  1949 | D:3      | Noticed Crazy Yiuf
  1957 | D:3      | Killed Crazy Yiuf
  1957 | D:3      | Reached XP level 6. HP: 36/59 MP: 2/6
  2091 | D:4      | Noticed theElss's ghost (amateur DECj)
  2097 | D:4      | Killed theElss's ghost
  2097 | D:4      | Reached skill level 7 in Unarmed Combat
  2097 | D:4      | Reached skill level 2 in Invocations
  2121 | D:4      | Reached XP level 7. HP: 51/66 MP: 6/8
  2140 | D:4      | Reached *** piety under Cheibriados
  2229 | D:4      | Found a hide-covered altar of Uskayaw.
  2491 | D:4      | Noticed Edmund
  2508 | D:4      | Killed Edmund
  2508 | D:4      | Reached skill level 3 in Dodging
  2508 | D:4      | Reached skill level 3 in Invocations
  2531 | D:4      | Found a shattered altar of Ashenzari.
  2643 | D:5      | Entered Level 5 of the Dungeon
  2675 | D:5      | Reached skill level 3 in Fighting
  2696 | D:5      | Found a staircase to the Ecumenical Temple.
  2720 | D:5      | Noticed Blork the orc
  2728 | D:5      | Killed Blork the orc
  2984 | D:5      | Found a white marble altar of Elyvilon.
  3154 | D:5      | Found Jiecs's Food Emporium.
  3225 | D:6      | Found Inukhleist's Food Shop.
  3277 | D:6      | Reached XP level 8. HP: 65/75 MP: 9/9
  3288 | D:6      | Found Rahicuclogg's Quality Used Wands.
  3349 | D:6      | Found Paerph's Antique Weapon Shoppe.
  3427 | D:6      | Noticed execc's ghost (novice DECj)
  3434 | D:6      | Reached skill level 4 in Invocations
  3442 | D:6      | Killed execc's ghost
  3442 | D:6      | Reached skill level 8 in Unarmed Combat
  3450 | D:6      | Reached skill level 4 in Fighting
  3450 | D:6      | Reached skill level 4 in Dodging
  3472 | D:6      | Found a bloodstained altar of Trog.
  3539 | D:6      | Found Raotsin's Gadget Emporium.
  3598 | D:6      | Reached **** piety under Cheibriados
  3610 | D:6      | Found Ekkiphox's Food Boutique.
  3709 | D:6      | Found Cydios's Book Boutique.
  3931 | D:7      | Reached skill level 5 in Invocations
  3931 | D:7      | Reached XP level 9. HP: 77/85 MP: 11/11
  3980 | D:7      | Found a burning altar of Makhleb.
  4047 | D:7      | Reached skill level 5 in Fighting
  4061 | D:7      | Reached skill level 9 in Unarmed Combat
  4128 | D:7      | Reached skill level 6 in Invocations
  4336 | D:7      | Found Suwiocof's Jewellery Boutique.
  4567 | D:8      | Reached skill level 6 in Fighting
  4595 | D:8      | Reached XP level 10. HP: 68/98 MP: 11/14
  4660 | D:8      | Reached skill level 10 in Unarmed Combat
  4676 | D:8      | Found a flagged portal.
  4691 | Bailey   | Entered a bailey
  4878 | Bailey   | Reached ***** piety under Cheibriados
  4924 | Bailey   | Reached skill level 7 in Invocations
  4931 | Bailey   | Noticed an orc knight
  4946 | Bailey   | Killed an orc knight
  5157 | Bailey   | Noticed an orc warlord
  5162 | Bailey   | Reached skill level 7 in Fighting
  5184 | Bailey   | HP: 2/102 [orc warlord/enchanted battleaxe (12)]
  5185 | Bailey   | Killed an orc warlord
  5185 | Bailey   | Reached skill level 8 in Invocations
  5186 | Bailey   | Annihilated by an orc warrior

Table legend:
 A = Turns spent in this place as a percentage of turns spent in the entire game.
 B = Non-inter-level travel turns spent in this place as a percentage of non-inter-level travel turns spent in the entire game.
 C = Inter-level travel turns spent in this place as a percentage of turns spent in this place.
 D = Turns resting spent in this place as a percentage of non-inter-level travel turns spent in this place.
 E = Turns spent auto-exploring this place as a percentage of non-inter-level travel turns spent in this place.
 F = Non-inter-level travel turns spent in this place divided by the number of levels of this place that you've seen.
                   A       B       C       D       E      F
               +-------+-------+-------+-------+-------+----------------------
         Total | 100.0 | 100.0 |   0.4 |   0.8 |  11.6 | 209.7
       Dungeon |  82.9 |  82.8 |   0.5 |   0.5 |  13.9 | 195.4
        Bailey |  17.1 |  17.2 |   0.0 |   2.5 |   0.3 | 324.0
               +-------+-------+-------+-------+-------+----------------------

Table legend:
 A = Kills in this place as a percentage of kills in entire the game.
 B = Kills by you in this place as a percentage of kills by you in the entire game.
 C = Kills by friends in this place as a percentage of kills by friends in the entire game.
 D = Other kills in this place as a percentage of other kills in the entire game.
 E = Experience gained in this place as a percentage of experience gained in the entire game.
 F = Experience gained in this place divided by the number of levels of this place that you have seen.
                   A       B       C       D       E      F
               +-------+-------+-------+-------+-------+----------------------
         Total | 100.0 | 100.0 |  -nan |  -nan | 100.0 | 1125.1
       Dungeon |  69.0 |  69.0 |  -nan |  -nan |  59.2 | 749.5
        Bailey |  31.0 |  31.0 |  -nan |  -nan |  40.8 | 4130.0
               +-------+-------+-------+-------+-------+----------------------

Vanquished Creatures
  An orc warlord (Bailey)
  An orc knight (Bailey)
  The ghost of execc the Thaumaturge, a novice DECj of Vehumet (D:6)
  A hornet (D:8)
  3 hippogriffs
  The ghost of theElss the Destroyer, an amateur DECj (D:4)
  A human (D:7)
  2 hogs (D:7)
  2 yaks (D:7)
  Edmund (D:4)
  11 orc warriors (Bailey)
  A phantom (D:8)
  2 eyes of draining (D:6)
  3 ogres
  A centaur (D:6)
  2 big kobolds (D:6)
  Blork the orc (D:5)
  3 bullfrogs
  A wyvern zombie (D:6)
  5 wights (D:7)
  2 crimson imps
  A centaur zombie (D:8)
  A jelly (D:7)
  2 orc priests
  4 hounds
  Crazy Yiuf (D:3)
  A centaur skeleton (D:5)
  Ijyb (D:2)
  8 orc wizards
  6 worker ants
  3 hound skeletons
  A worker ant zombie (D:6)
  Robin (D:3)
  9 gnolls
  A howler monkey skeleton (D:8)
  6 adders
  A shadow imp (D:3)
  2 oozes
  4 adder skeletons
  2 worms (D:3)
  5 dart slugs
  3 leopard geckos
  23 orcs
  A ball python (D:5)
  6 giant cockroaches
  30 goblins
  20 hobgoblins
  5 jackals
  5 quokkas
  3 bats
  4 frilled lizards
  5 kobolds
  A quokka skeleton (D:8)
  A quokka zombie (D:6)
  3 rats
216 creatures vanquished.
